 Dungeon Crawl Stone Soup version 0.26-a0-104-gef3e9dd61f (webtiles) character file.

Game seed: 15462308186150793721

2079 Gargoyl the Skirmisher (level 9, -4/79 HPs)
             Began as a Centaur Abyssal Knight on June 22, 2020.
             Was a Priest of Lugonu.
             Slain by Menkaure (16 damage)
             ... on level 4 of the Dungeon.
             The game lasted 00:06:29 (5552 turns).

Gargoyl the Skirmisher (Centaur Abyssal Knight)     Turns: 5552, Time: 00:06:29

Health: -4/79      AC: 11    Str: 16    XL:     9   Next: 6%
Magic:  12/12      EV:  3    Int: 13    God:    Lugonu [***...]
Gold:   226        SH:  0    Dex: 11    Spells: 8/8 levels left

rFire    . . .     SeeInvis .   d - +4 battleaxe
rCold    . . .     Gourm    .   (shield currently unavailable)
rNeg     . . .     Faith    .   e - +0 plate armour
rPois    .         Spirit   .   (no helmet)
rElec    +         Reflect  .   u - +0 cloak
rCorr    .         Harm     .   (no gloves)
MR       +....                  (no barding)
Stlth    ..........             (no amulet)
HPRegen  0.23/turn              h - ring of protection from magic
MPRegen  0.13/turn              (no ring)

@: very quick
A: large, hooves 3, clever 1, deformed body, speed 2, mutation resistance 1,
electricity resistance, tough skin 3
a: Depart the Abyss, Bend Space, Banish, Renounce Religion


You were on level 4 of the Dungeon.
You worshipped Lugonu.
Lugonu was most pleased with you.
You were near starving.

You visited 1 branch of the dungeon, and saw 4 of its levels.
You visited the Abyss 1 time.

You collected 226 gold pieces.

Inventory:

Hand Weapons
 a - a +1 hand axe
 d - a +4 battleaxe (weapon)
Missiles
 n - 14 boomerangs (quivered)
Armour
 e - a +0 plate armour (worn)
 u - a +0 cloak (worn)
Jewellery
 h - a ring of protection from magic (left hand)
Wands
 b - a wand of disintegration (4)
 t - a wand of polymorph (7)
Scrolls
 f - 5 scrolls of teleportation
 j - a scroll of immolation {unknown}
 k - 4 scrolls of remove curse
 p - a scroll of fear
 r - 2 scrolls of identify
Potions
 g - a potion of invisibility
 i - 2 potions of degeneration
 m - a potion of stabbing
 o - a potion of berserk rage {unknown}
Comestibles
 c - 5 rations


   Skills:
 + Level 7.1 Fighting
 + Level 6.1 Axes
 + Level 0.1 Throwing
 * Level 4.3 Armour
 * Level 2.5 Dodging
 * Level 4.8 Invocations


You had 8 spell levels left.
You didn't know any spells.
Your spell library was empty.

Dungeon Overview and Level Annotations

Branches:
Dungeon (4/15)
 Temple: D:4-7

Altars:
Cheibriados
Okawaru
Xom
Yredelemnul

Annotations:
D:4 Menkaure


Innate Abilities, Weirdness & Mutations

You have hooves in place of feet.
Armour fits poorly on your strangely shaped body.
You cover ground very quickly.
You have extremely tough skin. (AC +3)
Your mind is acute. (Int +2)
You are somewhat resistant to further mutation.
You are resistant to electric shocks. (rElec)


Message History

You kill the adder!
Lugonu accepts your kill.
Your plate armour prevents you from hitting Menkaure.
Menkaure hits you!
Your plate armour prevents you from hitting Menkaure.
Menkaure hits you but does no damage.
You hit Menkaure.
Menkaure is moderately damaged.
Menkaure hits you!
* * * LOW HITPOINT WARNING * * *
You completely miss Menkaure.
Menkaure is moderately damaged.
Menkaure calls on the powers of darkness!
Your body is wracked with pain!
* * * LOW HITPOINT WARNING * * *
Menkaure barely misses you.
You slash Menkaure!
Menkaure is heavily damaged.
Menkaure hits you!
You die...

......##.............#
..######.............#
.....# #.............#
#.##.###.............###
.....p[.................
.p.#.[[...#########.....
...#...........####.....
...#.......###..†....$..
................@M......
..#.#####.##.#..........
..#[#####.##.#..........
.............#....(.....
..#'#####.####..........
........#.# #.....####.
........#'########.#
.................#.#
..##..##.........#


You could see Menkaure.

Vanquished Creatures
  A glowing orange brain (Abyss:1)
  Pikel (D:3)
  Duvessa (D:4)
  An orc warrior (D:3)
  A phantom (D:2)
  2 ogres
  Dowan (D:4)
  2 orc priests
  Crazy Yiuf (D:3)
  Jessica (D:3)
  An iguana (D:4)
  Ijyb (D:3)
  7 orc wizards
  A worker ant (D:4)
  2 howler monkey skeletons (D:4)
  5 adders
  A white imp (Abyss:2)
  2 oozes
  An adder skeleton (D:4)
  5 worms
  A dart slug (D:1)
  2 leopard geckos
  29 orcs
  6 bats
  2 giant cockroaches
  5 goblins
  9 hobgoblins
  3 jackals (D:3)
  11 kobolds
  3 quokkas
  6 frilled lizards
  A quokka skeleton (D:4)
  6 rats
122 creatures vanquished.

Vanquished Creatures (others)
  A human skeleton (D:4)
1 creature vanquished.

Grand Total: 123 creatures vanquished

Notes
Turn   | Place    | Note
-------+----------+-------------------------------------------
     0 | Abyss:1  | Gargoyl the Centaur Abyssal Knight began the quest for the
                  | Orb.
     0 | Abyss:1  | Reached XP level 1. HP: 19/19 MP: 2/2
    45 | Abyss:1  | Noticed a glowing orange brain
    71 | Abyss:1  | Killed a glowing orange brain
    71 | Abyss:1  | Reached skill level 6 in Fighting
    71 | Abyss:1  | Reached XP level 2. HP: 31/31 MP: 2/4
    71 | Abyss:1  | Reached XP level 3. HP: 38/38 MP: 2/5
    71 | Abyss:1  | Reached XP level 4. HP: 45/45 MP: 2/6
    71 | Abyss:1  | Reached XP level 5. HP: 51/51 MP: 2/7
    71 | Abyss:1  | Reached XP level 6. HP: 58/58 MP: 2/8
    71 | Abyss:1  | Reached XP level 7. HP: 64/64 MP: 2/9
   178 | Abyss:2  | Found a blossoming altar of Fedhas.
   217 | Abyss:2  | Noticed an apocalypse crab
   226 | Abyss:2  | Noticed a starcursed mass
   227 | Abyss:2  | Noticed a deep elf mage
   231 | Abyss:2  | Noticed a thrashing horror
   232 | D:1      | Escaped the Abyss
   401 | D:1      | You fall into a shaft and drop 1 floor!
   494 | D:1      | Reached * piety under Lugonu
  1449 | D:2      | Found a faded altar of an unknown god.
  1556 | D:2      | Reached skill level 1 in Dodging
  2026 | D:3      | Reached ** piety under Lugonu
  2579 | D:3      | Found a shimmering altar of Xom.
  2579 | D:3      | Found a snail-covered altar of Cheibriados.
  2580 | D:3      | Found an iron altar of Okawaru.
  2630 | D:3      | Found a runed translucent door.
  2631 | D:3      | Noticed Crazy Yiuf
  2696 | D:3      | Noticed Ijyb
  2708 | D:3      | Killed Ijyb
  3027 | D:3      | Noticed Jessica
  3042 | D:3      | Killed Jessica
  3267 | D:3      | Killed Crazy Yiuf
  3671 | D:3      | Gained mutation: You are resistant to electric shocks.
                  | (rElec) [potion of mutation]
  3671 | D:3      | Gained mutation: Your mind is acute. (Int +2) [potion of
                  | mutation]
  3671 | D:3      | Gained mutation: You are somewhat resistant to further
                  | mutation. [potion of mutation]
  3689 | D:3      | Reached XP level 8. HP: 28/71 MP: 10/10
  4027 | D:4      | Reached *** piety under Lugonu
  4032 | D:4      | Reached skill level 5 in Axes
  4417 | D:4      | Found a runed translucent door.
  4419 | D:4      | Found a basalt altar of Yredelemnul.
  4588 | D:4      | Noticed Dowan
  4589 | D:4      | Noticed Duvessa
  4601 | D:4      | Killed Duvessa
  4604 | D:4      | Killed Dowan
  4852 | D:4      | Noticed Pikel
  5326 | D:3      | Killed Pikel
  5326 | D:3      | Reached skill level 7 in Fighting
  5326 | D:3      | Reached XP level 9. HP: 33/79 MP: 12/12
  5541 | D:4      | Noticed Menkaure
  5552 | D:4      | Slain by Menkaure

Illustrated notes

Levels and vault maps discovered:
D:1:      dpeg_arrival_boxes_within_box, layout_rooms,
          chequers_serial_rivers_marsh
D:2:      layout_basic, chequers_ecumenical_altar_simple_redux,
          kennysheep_crisscross, due_unseen_surprise
D:3:      layout_loops_ring, chequers_temple_overflow_statue_of_worship,
          kennysheep_jessica_study, uniq_ijyb, uniq_crazy_yiuf_cottage
D:4:      layout_basic, minmay_temple_entry_statues_pillars, first_ration,
          dk_yredelemnul_ordeal, uniq_pikel, uniq_duvessa, uniq_menkaure

Skill      XL: |  1  2  3  4  5  6  7  8 |
---------------+-------------------------+-----
Fighting       | 6 7 |  7.1
Axes           | 3 4 6 |  6.1
Armour         | 2 3 4 |  4.3
Invocations    | 3 4 |  4.8
Dodging        | 1 2 |  2.5
Throwing       | |  0.1

Action                   |  1- 3 |  4- 6 |  7- 9 || total
-------------------------+-------+-------+-------++-------
Melee: Hand axe          |    22 |       |       ||    22
       Kick              |     4 |       |    57 ||    61
       Battleaxe         |       |       |   322 ||   322
Throw: Boomerang         |       |       |     2 ||     2
Invok: Depart the Abyss  |       |       |     1 ||     1
       Bend Space        |       |       |     1 ||     1
  Use: Potion            |       |       |     8 ||     8
       Scroll            |       |       |     7 ||     7
 Stab: Invisible         |       |       |     1 ||     1
  Eat: Chunk             |       |       |    11 ||    11
Armor: Plate armour      |       |       |   339 ||   339
Dodge: Dodged            |       |       |    42 ||    42

Table legend:
 A = Non-vault XP
 B = Vault XP
 C = Vault XP percentage of total XP
 D = Non-vault monster count
 E = Vault monster count
 F = Vault count percentage of total count
                 A         B        C        D         E       F
            +---------+---------+-------+---------+---------+-------
      Total |    1981 |     990 |  33.3 |     115 |       8 |   6.5
            +---------+---------+-------+---------+---------+-------
        D:1 |      35 |       0 |   0.0 |      20 |       0 |   0.0
        D:2 |     173 |       0 |   0.0 |      16 |       0 |   0.0
        D:3 |     501 |     734 |  59.4 |      49 |       5 |   9.3
        D:4 |     516 |     256 |  33.2 |      28 |       3 |   9.7
    Abyss:1 |     746 |       0 |   0.0 |       1 |       0 |   0.0
    Abyss:2 |      10 |       0 |   0.0 |       1 |       0 |   0.0
            +---------+---------+-------+---------+---------+-------
